 Dungeon Crawl Stone Soup version 0.22-a0-412-g2b68d144a4 (webtiles) character file.

232 Kriby the Ruffian (level 5, -12/53 HPs)
             Began as a Troll Monk on May 12, 2018.
             Mangled by an ogre
             ... wielding a +0 giant club
              (32 damage)
             ... on level 4 of the Dungeon.
             The game lasted 00:01:58 (2152 turns).

Kriby the Ruffian (Troll Monk)                      Turns: 2152, Time: 00:01:59

Health: -12/53     AC:  6    Str: 20    XL:     5   Next: 73%
Magic:  4/4        EV: 11    Int:  6    God:
Gold:   186        SH:  0    Dex: 12    Spells: 4/4 levels left

rFire    . . .     SeeInvis .     - Unarmed
rCold    . . .     Gourm    +   (no shield)
rNeg     + . .     Faith    .   j - +1 robe {rN+}
rPois    .         Spirit   .   (helmet restricted)
rElec    .         Reflect  .   (no cloak)
rCorr    .         Harm     .   (gloves unavailable)
MR       .....                  (boots unavailable)
Stlth    ++........             (no amulet)
HPRegen  0.57/turn              (no ring)
MPRegen  0.09/turn              (no ring)

@: no status effects
A: large, unfitting armour, claws 3, fast metabolism 3, gourmand, regeneration
1, shaggy fur 1, tough skin 2
a: no special abilities


You were on level 4 of the Dungeon.
You were completely stuffed.

You visited 1 branch of the dungeon, and saw 4 of its levels.

You collected 186 gold pieces.

Inventory:

Missiles
 p - 4 javelins of returning (quivered)
Armour
 a - a +0 robe
 j - a +1 robe of positive energy (worn)
Jewellery
 i - a cursed -2 ring of evasion {unknown}
Wands
 q - a wand of enslavement (4)
Scrolls
 c - 7 scrolls of remove curse {unknown}
 e - 3 scrolls of teleportation {unknown}
 f - 3 scrolls of amnesia {unknown}
 g - 4 scrolls of identify {unknown}
 n - a scroll of fog {unknown}
 o - a scroll of random uselessness {unknown}
Potions
 d - a potion of cancellation {unknown}
 h - 5 potions of curing {unknown}
 k - a potion of heal wounds {unknown}
 m - a potion of mutation {unknown}
Comestibles
 b - 13 rations
 l - 5 chunks of flesh


   Skills:
 + Level 3.4 Fighting
 + Level 3.3 Dodging
 - Level 1.0 Stealth
 * Level 5.0 Unarmed Combat


You had 4 spell levels left.
You didn't know any spells.
Your spell library contained the following spells:

 Spells                   Type           Power        Failure   Level  Hunger
 Confuse                  Hex            #.......     83%         3    ####...
 Confusing Touch          Hex            #.....       45%         1    ##.....
 Metabolic Englaciation   Hex/Ice        #.........   100%        5    ######.
 Petrify                  Tmut/Erth      #.......     99%         4    #####..
 Gell's Gravitas          Tloc           #.........   83%         3    ####...
 Yara's Violent Unravell  Hex/Tmut       #.........   100%        5    ######.


Dungeon Overview and Level Annotations

Branches:
Dungeon (4/15)
 Temple: D:4-7

Altars:


Innate Abilities, Weirdness & Mutations

You are too large for most types of armour.
You have claws for hands.
Your metabolism is lightning-fast.
You like to eat raw meat.
Your natural rate of healing is unusually fast.
You are covered in fur. (AC +1)
You have very tough skin. (AC +2)


Message History

The ogre hits you with a giant club.
* * * LOW HITPOINT WARNING * * *
Throwing (i - inventory)
p - 6 javelins of returning (quivered)
Press: ? - help, Shift-Dir - straight line, f/p - ogre
Aim: an ogre, wielding a giant club (heavily wounded)
You throw a javelin of returning.
The javelin of returning barely misses the ogre.
The javelin of returning fails to return to your pack!
The ogre hits you but does no damage.
Throwing (i - inventory)
p - 5 javelins of returning (quivered)
Press: ? - help, Shift-Dir - straight line, f/p - ogre
Aim: an ogre, wielding a giant club (heavily wounded)
You throw a javelin of returning.
The javelin of returning closely misses the ogre.
The javelin of returning fails to return to your pack!
The ogre barely misses you.
You hear the rusting of a drain nearby.
The ogre hits you with a giant club!!
Ouch! That really hurt!
You die...

#...# #.....#...[#### #.#.#
###............## # ...#.#
###...#####......
###.####.####......########..
#...###.......####...........
##.#.......##### ####........
#.........## #####..>.......
#.......########.....#.....)..
#...........O@...#####........
################## #########


You could see an ogre.

Vanquished Creatures
  2 orc priests (D:3)
  A hound (D:4)
  An orc wizard (D:3)
  Ijyb (D:4)
  2 adders (D:2)
  3 dart slugs
  2 leopard geckos
  6 orcs (D:3)
  4 giant cockroaches
  7 goblins
  3 hobgoblins
  5 jackals
  5 kobolds
  2 ball pythons
  A ball python skeleton (D:4)
  6 bats
  7 frilled lizards
  2 rats
60 creatures vanquished.

Notes
Turn   | Place    | Note
-------+----------+-------------------------------------------
     0 | D:1      | Kriby the Troll Monk began the quest for the Orb.
     0 | D:1      | Reached XP level 1. HP: 22/22 MP: 0/0
   100 | D:1      | Reached XP level 2. HP: 23/29 MP: 1/1
   576 | D:2      | Reached XP level 3. HP: 36/36 MP: 2/2
  1069 | D:2      | Reached skill level 4 in Unarmed Combat
  1293 | D:3      | Reached XP level 4. HP: 20/44 MP: 3/3
  1475 | D:3      | Reached XP level 5. HP: 25/53 MP: 4/4
  2015 | D:4      | Noticed Ijyb
  2036 | D:4      | Killed Ijyb
  2036 | D:4      | Reached skill level 5 in Unarmed Combat
  2111 | D:4      | Noticed an ogre
  2152 | D:4      | Mangled by an ogre

Vault maps used:
D:1:      dpeg_arrival_water_temple_mockup
D:2:      first_ration, kennysheep_potato
D:4:      minmay_temple_entry_butterflies, gup_sewer_entry_spiral, uniq_ijyb,
          uniq_blork_the_orc

Skill      XL: |  1  2  3  4  5 |
---------------+----------------+-----
Unarmed Combat | 4 5 |  5.0
Dodging        | 3 |  3.3
Fighting       | 3 |  3.4
Stealth        | |  1.0

Action                   |  1- 3 |  4- 6 || total
-------------------------+-------+-------++-------
Melee: Unarmed           |    75 |   112 ||   187
       Punch             |     1 |     2 ||     3
Throw: Javelin           |       |     3 ||     3
 Stab: Sleeping          |     1 |       ||     1
  Eat: Chunk             |    17 |     8 ||    25
Armor: Robe              |    29 |    90 ||   119
Dodge: Dodged            |    35 |   109 ||   144

Table legend:
 A = Spawn XP
 B = Non-spawn XP
 C = Spawn XP percentage of total XP
 D = Spawn monster count
 E = Non-spawn monster count
 F = Spawn count percentage of total count
 G = Total turns spent on level
                    A         B        C        D         E        F      G
               +---------+---------+-------+---------+---------+-------+---------
         Total |       0 |     332 |   0.0 |       0 |      60 |   0.0 |  2152
               +---------+---------+-------+---------+---------+-------+---------
           D:1 |       0 |      37 |   0.0 |       0 |      21 |   0.0 |   546
           D:2 |       0 |      47 |   0.0 |       0 |      13 |   0.0 |   703
           D:3 |       0 |     161 |   0.0 |       0 |      19 |   0.0 |   692
           D:4 |       0 |      87 |   0.0 |       0 |       7 |   0.0 |   211
               +---------+---------+-------+---------+---------+-------+---------
